 Dungeon Crawl Stone Soup version 0.29.1-1-gd02db6906a (webtiles) character file.

Game seed: 15203564880978797957

18615 RatsInWalls the Fighter (level 12, 0/97 HPs)
             Began as a Human Cinder Acolyte on Oct 21, 2022.
             Was an Initiate of Ignis.
             Slain by a bog body (17 damage)
             ... on level 2 of the Lair of Beasts on Oct 22, 2022.
             The game lasted 00:37:46 (14189 turns).

RatsInWalls the Fighter (Human Cinder Acolyte)     Turns: 14189, Time: 00:37:47

Health: 0/97       AC: 17    Str: 18    XL:     12   Next: 97%
Magic:  6/6        EV:  5    Int: 20    God:    Ignis [......]
Gold:   749        SH:  0    Dex:  8    Spells: 13/15 levels left

rFire   + + .      SeeInvis .   t - +10 whip of the Seven Ziggurats {vamp, rF+ Int+3}
rCold   . . .      Faith    .   f - +1 kite shield of the Catfish {Rampage rPois Regen+ MP-9}
rNeg    . . .      Spirit   .   x - +0 plate armour
rPois   +          Reflect  +   h - +2 hat
rElec   .          Harm     .   (no cloak)
rCorr   .          Rampage  +   (no gloves)
Will    +....                   d - +0 pair of boots
Stlth   ..........              I - amulet of reflection
HPRegen 1.06/turn               C - ring of poison resistance
MPRegen 0.10/turn               y - ring of willpower

@: confused, ambrosia-drunk
A: no striking features
a: Renounce Religion


You were on level 2 of the Lair of Beasts.
You worshipped Ignis.
Ignis was noncommittal.
You visited 2 branches of the dungeon, and saw 15 of its levels.

You collected 749 gold pieces.

Inventory:

Hand Weapons
 e - a +4 hand axe
 t - the +10 whip of the Seven Ziggurats (weapon) {vamp, rF+ Int+3}
   (You found it on level 10 of the Dungeon)

   It occasionally heals its wielder for a portion of the damage dealt when it
   wounds a living foe.
   Int:       It affects your intelligence (+3).
   rF:        It protects you from fire.
Missiles
 r - 3 atropa-tipped darts (quivered)
Armour
 d - a +0 pair of boots (worn)
 f - the +1 kite shield of the Catfish (worn) {Rampage rPois Regen+ MP-9}
   (You found it on level 4 of the Dungeon)

   rPois:     It protects you from poison.
   MP:        It affects your magic capacity (-9).
   Regen:     It increases your rate of health regeneration.
   Rampage:   It bestows one free step when moving towards enemies.
 h - a +2 hat (worn)
 x - a +0 plate armour (worn)
Jewellery
 g - a ring of positive energy
 y - a ring of willpower (right hand)
 C - a ring of poison resistance (left hand)
 I - an amulet of reflection (around neck)
Wands
 s - a wand of iceblast (5)
 A - a wand of digging (11)
 B - a wand of charming (9)
 D - a wand of flame (5)
Scrolls
 b - 2 scrolls of amnesia
 c - 2 scrolls of fear {unknown}
 i - 2 scrolls of enchant armour
 j - a scroll of magic mapping {unknown}
 k - 5 scrolls of blinking
 n - a scroll of brand weapon {unknown}
 u - 3 scrolls of butterflies
 v - a scroll of vulnerability {unknown}
 w - a scroll of poison
 F - a scroll of enchant weapon
 H - a scroll of teleportation
 K - a scroll of acquirement {unknown}
 L - a scroll of silence
Potions
 a - a potion of haste
 l - a potion of ambrosia
 p - a potion of brilliance
 q - a potion of flight {unknown}
 z - 3 potions of might
 G - a potion of berserk rage
 J - a potion of mutation


   Skills:
 + Level 10.0 Fighting
 - Level 7.2(8.2) Axes
 + Level 5.9(7.6) Maces & Flails
 + Level 9.4 Armour
 - Level 5.1 Dodging
 - Level 2.0 Stealth
 + Level 8.8 Shields
 - Level 2.3 Spellcasting
 - Level 3.1 Fire Magic
 - Level 7.0 Evocations


You had 13 spell levels left.
You knew the following spells:

 Your Spells              Type           Power      Damage    Failure   Level
a - Scorch                Fire           28%        2d6       98%         2

Your spell library contained the following spells:

 Spells                   Type           Power      Damage    Failure   Level
 Beastly Appendage        Tmut           4%         N/A       100%        1
 Shock                    Conj/Air       8%         1d3       100%        1
 Blink                    Tloc           4%         N/A       100%        2
 Wereblood                Tmut           2%         N/A       100%        2
 Lesser Beckoning         Tloc           2%         N/A       100%        3
 Ozocubu's Armour         Ice            2%         N/A       100%        3
 Spider Form              Tmut/Pois      2%         N/A       100%        3
 Swiftness                Air            2%         N/A       100%        3
 Airstrike                Air            1%         2d(1-17)  100%        4
 Manifold Assault         Tloc           2%         N/A       100%        5
 Ozocubu's Refrigeration  Ice            1%         4d7       100%        7


Dungeon Overview and Level Annotations

Branches:
Dungeon (13/15)            Temple (0/1) D:7            Lair (2/5) D:11
  Swamp (0/4) Lair:2          Orc (0/2) D:10
  Snake: Lair:2-3    Spider: Lair:2-3    Vaults: D:13-14

Altars:
Ashenzari
Cheibriados
Elyvilon
Hepliaklqana
Kikubaaqudgha
Qazlal
Trog
Xom
Yredelemnul
Zin
The Shining One

Portals:
Abyss: D:6

Annotations:
D:6 2 transporters, JoePro14's ghost, novice MiBe
Lair:1 exclusion: oklob plant


Message History

The bog body is moderately damaged.
The bog body points at you and mumbles some strange words.
You resist with almost no effort.
You hit the bog body.
The bog body is heavily damaged.
The bog body touches you but does no damage.
You barely miss the bog body.
The bog body is heavily damaged.
The electric eel shoots out a bolt of lightning at you!
The bolt of electricity hits you!
You are too injured to fight recklessly!
You hit the bog body.
The bog body is heavily damaged.
The bog body touches you. The bog body freezes you!
* * * LOW HITPOINT WARNING * * *
The electric eel shoots out a bolt of lightning at you!
The bolt of electricity hits you.
* * * LOW HITPOINT WARNING * * *
Okay, then.
The bog body attacks as you move away!
The bog body touches you but does no damage.
The electric eel shoots out a bolt of lightning at you!
The bolt of electricity hits you!
* * * LOW HITPOINT WARNING * * *
Unknown command.
You are confused.
You feel invigorated. The bog body casts a spell at you.
The bolt of cold hits you.
* * * LOW HITPOINT WARNING * * *
Unknown command.
The bog body barely misses you.
The electric eel shoots out a bolt of lightning at you!
The bolt of electricity hits you.
* * * LOW HITPOINT WARNING * * *
Unknown command.
The bog body touches you.
* * * LOW HITPOINT WARNING * * *
The bog body freezes you!
You die...

.##.........#..#..~♣§§~..
..##n.P........#..§§§§♣..
...##.P#.........§§§§§~.P
....#....#P.......§S§§...
#...##...P.........§§§§..
...⌠.'................§...
.#...#....................
.##+#.....................
.P#.............@.........
.................n#.......
.......^..................
.........................P
....................P.....
.#...................#....
##P......................#
.#.....................##
.......................#


You could see a bog body and an electric eel.

Vanquished Creatures
  Snorg (D:12)
  A death yak (D:11)
  2 two-headed ogres
  A bog body (Lair:2)
  A cyclops (D:11)
  An orc knight (D:12)
  A torpor snail (Lair:1)
  3 cane toads (Lair:2)
  2 gargoyles
  A komodo dragon (D:11)
  3 trolls
  4 dream sheep (Lair:1)
  2 shadows
  31 yaks
  Sigmund (D:4)
  A vampire (D:11)
  3 wyverns
  3 basilisks
  A human (D:9)
  3 steam dragons
  3 vampire mosquitoes (D:12)
  An acid dragon (D:11)
  6 water moccasins
  An orc warrior (D:12)
  An ice beast (D:6)
  A sky beast (D:7)
  3 black bears
  5 centaurs
  A phantom (D:7)
  2 kobold brigands
  6 bullfrogs
  3 necrophages
  2 gnoll sergeants (D:10)
  4 scorpions
  6 killer bees
  An electric eel (Lair:2)
  7 howler monkeys
  2 hounds (D:5)
  A jelly (D:7)
  5 orc priests
  A gnoll bouda (D:6)
  Ijyb (D:3)
  An iguana (D:6)
  Natasha (thrice) (D:4)
  9 orc wizards
  8 gnolls
  11 adders
  A shadow imp (D:7)
  2 worms (D:4)
  A dart slug (D:1)
  37 orcs
  11 ball pythons
  6 bats
  7 endoplasms
  5 giant cockroaches
  6 goblins
  6 hobgoblins
  3 jackals (D:1)
  12 kobolds
  7 quokkas
  2 frilled lizards
  A jackal skeleton (D:9)
  A rat (D:2)
269 creatures vanquished.

Vanquished Creatures (collateral kills)
  3 yaks (D:10)
  An orc warrior (D:10)
  A howler monkey (D:10)
  An orc (D:10)
6 creatures vanquished.

Vanquished Creatures (others)
  A sky beast (D:8)
  2 bushes (D:9)
  88 foxfires
  3 fungi (Lair:2)
  6 plants
100 creatures vanquished.

Grand Total: 375 creatures vanquished

Notes
Turn   | Place    | Note
-------+----------+-------------------------------------------
     0 | D:1      | RatsInWalls the Human Cinder Acolyte began the quest for
                  | the Orb.
     0 | D:1      | Reached XP level 1. HP: 18/18 MP: 2/2
    96 | D:1      | Reached XP level 2. HP: 24/24 MP: 3/3
   366 | D:1      | Learned a level 2 spell: Scorch
   576 | D:1      | Reached XP level 3. HP: 29/29 MP: 4/4
   760 | D:1      | Found a faded altar of an unknown god.
   865 | D:1      | Reached skill level 1 in Stealth
  1116 | D:2      | Found a shimmering altar of Xom.
  1131 | D:2      | Noticed a black bear
  1143 | D:2      | Killed a black bear
  1144 | D:2      | Reached skill level 1 in Armour
  1144 | D:2      | Reached XP level 4. HP: 17/37 MP: 5/5
  1144 | D:2      | Reached XP level 5. HP: 20/42 MP: 6/6
  1949 | D:3      | Found a glowing golden altar of the Shining One.
  1949 | D:3      | Found an ancient bone altar of Kikubaaqudgha.
  1992 | D:4      | Reached skill level 4 in Fighting
  2020 | D:4      | Reached XP level 6. HP: 41/48 MP: 8/8
  2025 | D:4      | Reached skill level 1 in Axes
  2028 | D:4      | Found a white marble altar of Elyvilon.
  2030 | D:4      | Noticed Sigmund
  2129 | D:4      | Killed Sigmund
  2130 | D:4      | Reached XP level 7. HP: 51/55 MP: 8/10
  2161 | D:4      | Identified the +1 kite shield of the Catfish {Rampage rPois
                  | Regen+ MP-9}
  2309 | D:4      | Noticed Natasha
  2321 | D:4      | Killed Natasha
  2490 | D:4      | Noticed Natasha
  2497 | D:4      | Killed Natasha
  2773 | D:4      | Reached skill level 1 in Shields
  3008 | D:3      | Noticed Ijyb
  3014 | D:3      | Killed Ijyb
  4678 | D:5      | Entered Level 5 of the Dungeon
  4699 | D:5      | Reached skill level 5 in Fighting
  4699 | D:5      | Reached XP level 8. HP: 59/62 MP: 11/11
  4812 | D:5      | Noticed a troll
  4818 | D:5      | Killed a troll
  5717 | D:4      | Noticed Natasha
  5726 | D:4      | Killed Natasha
  6024 | D:6      | Found a transporter.
  6026 | D:6      | Found a one-way gate to the infinite horrors of the Abyss.
  6026 | D:6      | Noticed JoePro14's ghost (novice MiBe)
  6031 | D:6      | Found a transporter.
  6037 | D:6      | Noticed a hellwing
  6304 | D:6      | Reached skill level 6 in Fighting
  6304 | D:6      | Reached XP level 9. HP: 69/69 MP: 3/12
  6346 | D:6      | Reached skill level 5 in Armour
  6593 | D:6      | Noticed a toenail golem
  6662 | D:6      | Found a glowing silver altar of Zin.
  7094 | D:7      | Reached skill level 5 in Axes
  7238 | D:7      | Found a broken altar of Ashenzari.
  7451 | D:7      | Found a staircase to the Ecumenical Temple.
  7849 | D:8      | Reached skill level 5 in Shields
  7860 | D:8      | Found a stormy altar of Qazlal.
  8053 | D:8      | Reached skill level 7 in Fighting
  8060 | D:8      | Reached skill level 1 in Evocations
  8314 | D:9      | Found a bloodstained altar of Trog.
  8325 | D:8      | Reached XP level 10. HP: 50/79 MP: 4/13
  8858 | D:9      | Found a runed translucent door.
  8862 | D:9      | Found a basalt altar of Yredelemnul.
  9462 | D:9      | Reached skill level 8 in Fighting
  9491 | D:9      | Found a snail-covered altar of Cheibriados.
  9491 | D:9      | Found a hazy altar of Hepliaklqana.
  9532 | D:9      | Noticed a boulder beetle
  9681 | D:10     | Entered Level 10 of the Dungeon
  9681 | D:10     | Found a staircase to the Orcish Mines.
  9740 | D:9      | HP: 4/80 [troll (8)]
  9740 | D:9      | HP: 1/80 [troll (3)]
 10059 | D:10     | Reached XP level 11. HP: 85/86 MP: 5/14
 10085 | D:10     | Identified the +10 whip of the Seven Ziggurats {vamp, rF+
                  | Int+3}
 10280 | D:10     | Reached skill level 1 in Dodging
 10565 | D:10     | Noticed a two-headed ogre
 10573 | D:10     | Killed a two-headed ogre
 10574 | D:10     | Reached skill level 5 in Evocations
 11192 | D:11     | Found a staircase to the Lair.
 11192 | D:11     | Noticed a death yak
 11217 | D:11     | Killed a death yak
 11218 | D:11     | Reached skill level 9 in Fighting
 11218 | D:11     | Noticed a two-headed ogre
 11240 | D:11     | Killed a two-headed ogre
 11627 | D:11     | Reached XP level 12. HP: 78/95 MP: 6/15
 12023 | D:12     | Noticed Snorg
 12034 | D:12     | Killed Snorg
 12286 | D:12     | Reached skill level 5 in Maces & Flails
 12670 | D:13     | Noticed a two-headed ogre
 12671 | D:13     | Noticed a centaur warrior
 12748 | Lair:1   | Entered Level 1 of the Lair of Beasts
 13714 | Lair:2   | Reached skill level 5 in Dodging
 13922 | Lair:2   | Found a staircase to the Swamp.
 14111 | Lair:2   | Reached skill level 10 in Fighting
 14189 | Lair:2   | Slain by a bog body

Illustrated notes

Levels and vault maps discovered:
D:1:      lightli_molten_gateway, layout_loops_corners,
          chequers_ecumenical_altar_twisty
D:2:      layout_basic, basic_altar, minmay_misc_feat_tiny,
          amcnicky_mini_rare_corridor_liquid
D:3:      layout_rooms, nicolae_overflow_hidden_temple, grunt_ministairs_11,
          uniq_ijyb
D:4:      cheibrodos_old_hovel, layout_loops_corners,
          nicolae_elyvilon_peaceful_grove, uniq_sigmund, uniq_natasha
D:5:      layout_loops_corners, chequers_serial_rivers_micro_a,
          eino_small_chamber_without_monster
D:6:      layout_basic, overflow_temple_1_default,
          gammafunk_ghost_abyssal_escape
D:7:      layout_loops_ring, ashenzari_altar_1, minmay_temple_entry_antechambers
D:8:      layout_loops_ring, nicolae_qazlal_scattered_showers
D:9:      layout_cave_pools, trog_ov_bears_minmay, dk_yredelemnul_ordeal,
          nicolae_overflow_two_pavilions, chequers_serial_rivers_micro_a,
          nzn_sisyphean_effort
D:10:     hellmonk_destroyed_diamonds, layout_basic, orc_0_dummy, minmay_puff
D:11:     layout_loops_ring, david_lair_generic
D:12:     layout_loops_cross, small_chamber_with_monster, moated_statue,
          uniq_snorg
D:13:     layout_basic, david_vaults_5, serial_undead, serial_undead_e,
          serial_undead_e, serial_undead_c, serial_undead_e,
          gauntlet_entry_generic
Lair:1:   layout_gridlike, minmay_lair_oklob_items
Lair:2:   layout_cave_shapes, skrybe_swamp_entry_bodies, lemuel_fruit_tree,
          serial_bayou_shore_a, grunt_megastairs_4, uniq_gastronok

Skill      XL: |  1  2  3  4  5  6  7  8  9 10 11 12 |
---------------+-------------------------------------+-----
Stealth        | 2 |  2.0
Armour         | 1 2 3 4 6 7 8 9 |  9.4
Fighting       | 4 5 6 7 8 9 10 | 10.0
Axes           | 2 3 4 5 7 |  7.2
Spellcasting   | 2 |  2.3
Shields        | 2 3 5 6 7 8 |  8.8
Evocations     | 1 4 5 7 |  7.0
Dodging        | 3 5 |  5.1
Maces & Flails | 4 5 |  5.9
Fire Magic     | |  3.1

Action                   |  1- 3 |  4- 6 |  7- 9 | 10-12 || total
-------------------------+-------+-------+-------+-------++-------
Melee: Mace              |    70 |    16 |       |       ||    86
       Punch             |     1 |       |     2 |       ||     3
       Hand axe          |       |    24 |   527 |   276 ||   827
       Whip              |       |       |       |   502 ||   502
Invok: Foxfire Swarm     |       |     1 |     2 |     2 ||     5
       Fiery Armour      |       |       |       |     5 ||     5
       Rising Flame      |       |       |       |     1 ||     1
Evoke: Wand              |       |       |     7 |    27 ||    34
  Use: Scroll            |     2 |       |     1 |    16 ||    19
       Potion            |     1 |     3 |       |    14 ||    18
 Stab: Sleeping          |     1 |       |       |       ||     1
       Distracted        |       |       |     1 |     1 ||     2
       Invisible         |       |       |       |     2 ||     2
Armor: Robe              |    23 |     9 |       |       ||    32
       Ring mail         |       |    11 |    93 |       ||   104
       Scale mail        |       |       |   174 |   289 ||   463
       Plate armour      |       |       |       |   114 ||   114
Dodge: Dodged            |    67 |    33 |   197 |   238 ||   535
Block: Kite shield       |       |       |   162 |   546 ||   708
       Reflection        |       |       |       |     3 ||     3
